 Dungeon Crawl Stone Soup version 0.28-a0-312-gbced6e68ee (webtiles) character file.

Game seed: 1267461976100112197

387 dolemite99 the Cleaver (level 6, -7/51 HPs)
             Began as a Minotaur Cinder Acolyte on Aug 31, 2021.
             Was a High Priest of Ignis.
             Mangled by Pikel (17 damage)
             ... on level 3 of the Dungeon.
             The game lasted 00:03:44 (3331 turns).

dolemite99 the Cleaver (Minotaur Cinder Acolyte)    Turns: 3331, Time: 00:03:45

Health: -7/51      AC:  8    Str: 22    XL:     6   Next: 49%
Magic:  6/6        EV:  7    Int: 10    God:    Ignis [*****.]
Gold:   87         SH:  0    Dex:  5    Spells: 6/7 levels left

rFire   + . .      SeeInvis .   a - -1 hand axe (flame)
rCold   . . .      Faith    .   (no shield)
rNeg    . . .      Spirit   .   f - +0 chain mail
rPois   .          Reflect  .   (helmet restricted)
rElec   .          Harm     .   (no cloak)
rCorr   .          Rampage  .   (no gloves)
Will    .....                   (no boots)
Stlth   ..........              (no amulet)
HPRegen 0.17/turn               (no ring)
MPRegen 0.10/turn               (no ring)

@: no status effects
A: horns 2, retaliatory headbutt
a: Renounce Religion, Sea of Fire, Foxfire Swarm, Rising Flame


You were on level 3 of the Dungeon.
You worshipped Ignis.
Ignis was extremely pleased with you.
You visited 1 branch of the dungeon, and saw 6 of its levels.

You collected 87 gold pieces.

Inventory:

Hand Weapons
 a - a -1 hand axe of flaming (weapon)
 b - a +0 hand crossbow
 m - a +0 quick blade
 o - a +0 hunting sling
Missiles
 e - 82 stones
 w - 5 bolts
Armour
 f - a +0 chain mail (worn)
 k - a +0 robe
Jewellery
 v - an amulet of faith
Wands
 l - a wand of flame (2)
Scrolls
 c - a scroll of torment {unknown}
 d - a scroll of magic mapping {unknown}
 i - a scroll of amnesia {unknown}
 n - a scroll of immolation {unknown}
 p - a scroll of identify {unknown}
 r - a scroll of brand weapon {unknown}
 t - 3 scrolls of enchant weapon {unknown}
Potions
 g - a potion of lignification {unknown}
 h - a potion of ambrosia {unknown}
 j - a potion of curing {unknown}
 q - a potion of cancellation {unknown}
 s - a potion of mutation {unknown}
 u - a potion of heal wounds {unknown}


   Skills:
 - Level 3.6 Fighting
 + Level 8.9 Axes
 - Level 1.0 Spellcasting
 - Level 0.6 Fire Magic


You had 6 spell levels left.
You knew the following spells:

 Your Spells              Type           Power      Damage    Failure   Level
a - Foxfire               Conj/Fire      4%         2x1d4     97%         1

Your spell library contained the following spells:

 Spells                   Type           Power      Damage    Failure   Level
 Magic Dart               Conj           0%         1d3       98%         1
 Call Imp                 Summ           0%         N/A       99%         2
 Mephitic Cloud           Conj/Pois/Air  0%         N/A       100%        3


Dungeon Overview and Level Annotations

Branches:
Dungeon (6/15)
 Temple: D:4-7

Altars:
Cheibriados
Gozag
Nemelex Xobeh

Shops:
D:2 [

Annotations:
D:3 Pikel


Innate Abilities, Weirdness & Mutations

You have a pair of horns on your head.
You reflexively headbutt those who attack you in melee.


Message History

The lemure hits you. The lemure closely misses you. The lemure hits you.
You hit Pikel but do no damage. You hit the lemure but do no damage.
You hit the bat. You burn the bat.
You kill the bat!
You closely miss the lemure. You miss the lemure.
Pikel hits you with a +1 whip of electrocution.
The lemure hits you but does no damage. The lemure hits you.
The lemure closely misses you.
There are no items here.
The bat hits you but does no damage. Pikel hits you but does no damage.
The lemure hits you but does no damage. The lemure hits you.
The lemure closely misses you.
You climb upwards.
There is a stone staircase leading down here.
Flames leap up around you! The bat hits you but does no damage.
The foxfire hits the bat.
You kill the bat!
Pikel hits you with a +1 whip of electrocution.
The lemure barely misses you. The lemure hits you. x2
The foxfire hits the lemure but does no damage.
The foxfire hits the lemure.
The lemure is lightly wounded.
The foxfire hits the lemure.
The lemure is moderately wounded.
The foxfire hits the lemure.
The lemure is lightly wounded.
The foxfire hits the lemure but does no damage.
The lemure is lightly wounded.
The foxfire hits the lemure but does no damage.
The lemure is lightly wounded.
The foxfire hits the lemure.
The lemure is moderately wounded.
The foxfire hits the lemure but does no damage.
The lemure is moderately wounded.
The foxfire hits the lemure.
The lemure is lightly wounded.
Pikel hits you with a +1 whip of electrocution.
* * * LOW HITPOINT WARNING * * *
You are electrocuted!
You die...

###.# #...#######.....[..# #.#
#............##.#..# #.#
#####....##.#.#..#..#..#
###.###...........#.#..#.##..# ##
#...................#......... .#
#.#.###...........#.#........# .#
#.#.# #####§...##.....##..####
.###.#.#######†.55.....####...###
............<#..@#####.##......#
..#####.####.#.5K# #.........#
..# ###.####.##.## ####......#
..# #...........# ##......###
..###.#.##.#.#### #.###......
####....##.#.# ######.# #..####
#.........# #...##.###.##
#...#.#.### #.........##
##.##.#.# #...##.####


You could see Pikel and 3 lemures.

Vanquished Creatures
  An ice beast (D:5)
  A jelly (D:4)
  A hound (D:4)
  A centaur zombie (D:3)
  Natasha (thrice) (D:3)
  An orc wizard (D:5)
  Robin (D:4)
  3 adders
  2 worms (D:2)
  4 orcs
  2 ball pythons
  4 endoplasms
  3 giant cockroaches (D:3)
  12 goblins
  7 hobgoblins
  2 jackals (D:4)
  3 quokkas
  6 bats
  4 kobolds
  3 rats
64 creatures vanquished.

Vanquished Creatures (others)
  11 foxfires
11 creatures vanquished.

Grand Total: 75 creatures vanquished

Notes
Turn   | Place    | Note
-------+----------+-------------------------------------------
     0 | D:1      | dolemite99 the Minotaur Cinder Acolyte began the quest for
                  | the Orb.
     0 | D:1      | Reached XP level 1. HP: 19/19 MP: 1/1
   354 | D:1      | Reached skill level 4 in Axes
   426 | D:1      | Reached XP level 2. HP: 20/26 MP: 2/2
   685 | D:1      | Found a faded altar of an unknown god.
  1163 | D:2      | Reached skill level 5 in Axes
  1271 | D:2      | Reached XP level 3. HP: 31/31 MP: 3/3
  1414 | D:2      | Found Noelyiq's Antique Armour Shoppe.
  1882 | D:3      | Noticed Natasha
  1887 | D:3      | Killed Natasha
  1888 | D:3      | Reached skill level 6 in Axes
  1888 | D:3      | Reached XP level 4. HP: 36/39 MP: 4/4
  2227 | D:3      | Found an opulent altar of Gozag.
  2230 | D:3      | Noticed Natasha
  2239 | D:3      | Killed Natasha
  2240 | D:3      | Reached XP level 5. HP: 15/45 MP: 5/5
  2413 | D:3      | Noticed Natasha
  2422 | D:3      | Killed Natasha
  2423 | D:3      | Reached skill level 7 in Axes
  2462 | D:3      | Found a sparkling altar of Nemelex Xobeh.
  2497 | D:3      | You fall into a shaft and drop 3 floors!
  2497 | D:6      | Noticed a steam dragon
  2504 | D:5      | Entered Level 5 of the Dungeon
  2507 | D:5      | Noticed an ice beast
  2528 | D:5      | Killed an ice beast
  2529 | D:5      | Reached skill level 8 in Axes
  2529 | D:5      | Reached XP level 6. HP: 38/51 MP: 6/6
  2670 | D:4      | Found a snail-covered altar of Cheibriados.
  2692 | D:4      | Noticed Robin
  2711 | D:4      | Killed Robin
  3325 | D:4      | Noticed Pikel
  3331 | D:3      | Mangled by Pikel

Illustrated notes

Levels and vault maps discovered:
D:1:      sevenhm_arrival_forest_fort_small_5, layout_basic,
          dreamdust_ecumenical_altar_statues
D:2:      layout_loops_ring, serial_shops, shop, serial_forest,
          infiniplex_forest_lined_room_, infiniplex_forest_end_1,
          infiniplex_forest_3_way, infiniplex_forest_lined_2,
          infiniplex_forest_lined_2, infiniplex_forest_zigzag_2,
          patterned_corridor
D:3:      layout_loops_cross, nemelex_spade_bored_becter, grunt_gozag_statues,
          uniq_natasha
D:4:      layout_loops_ring, overflow_temple_1_default,
          mainiacjoe_overflow_surrounded_room, gammafunk_temple_overflow_wave,
          ebering_ghost_sewer_d, cheibrodos_sewer_entry_sluice, uniq_robin,
          uniq_crazy_yiuf_cottage, uniq_pikel
D:5:      layout_basic, mainiacjoe_overflow_small_starburst,
          nicolae_wu_jian_immortal_techniques, minmay_temple_entry_junction_2
D:6:      layout_rooms

Skill      XL: |  1  2  3  4  5 |
---------------+----------------+-----
Axes           | 4 5 6 8 |  8.9
Fighting       | |  3.6
Spellcasting   | |  1.0
Fire Magic     | |  0.6

Action                   |  1- 3 |  4- 6 || total
-------------------------+-------+-------++-------
Melee: Hand axe          |    40 |    50 ||    90
       Headbutt          |     3 |     4 ||     7
 Fire: Hand crossbow     |    41 |    48 ||    89
 Cast: Foxfire           |     2 |       ||     2
Invok: Foxfire Swarm     |       |     1 ||     1
Armor: Robe              |     2 |       ||     2
       Chain mail        |    31 |    49 ||    80
Dodge: Dodged            |    18 |    27 ||    45

Table legend: (Time is in decaauts)
 A = Elapsed time spent in this place.
 B = Non-inter-level travel time spent in this place.
 C = Inter-level travel time spent in this place.
 D = Time resting spent in this place.
 E = Time spent auto-exploring this place.
 F = Levels seen in this place.
 G = Mean time per level.
                   A        B        C        D        E       F      G
               +--------+--------+--------+--------+--------+-----+--------+
         Total |   3381 |   3275 |    106 |    686 |   1962 |   6 |  563.5 |
       Dungeon |   3381 |   3275 |    106 |    686 |   1962 |   6 |  563.5 |
               +--------+--------+--------+--------+--------+-----+--------+

Top non-repeatable levels by time:
     D:3: 990 daAuts
     D:2: 947 daAuts
     D:1: 863 daAuts
     D:4: 457 daAuts
     D:5: 114 daAuts
     D:6: 6 daAuts
